[Event "Titled Tuesday Blitz August 17 2021"]
[White "Costachi, Mihnea"]
[Black "Turner, Max N"]
[WhiteFideId "1217518"]
[BlackFideId "447722"]
[WhiteElo "2482"]
[BlackElo "2078"]
[Result "0-1"]
[Round "02"]
[TimeControl "180+1"]
[Date "2021.08.17"]
[WhiteClock "0:01:22"]
[BlackClock "0:00:14"]

1. e4 c5 2. Nc3 e6 3. g3 Nc6 4. Bg2 a6 5. f4 b5 6. Nf3 Bb7 7. O-O b4 8. Ne2 h5 9. d3 Nf6 10. h3 d5 11. e5 Nd7 12. Be3 d4 13. Bf2 Be7 14. Nd2 Nb6 15. a3 a5 16. Ne4 Nd5 17. Qd2 h4 18. g4 g5 19. axb4 axb4 20. Rxa8 Qxa8 21. fxg5 Nxe5 22. Nf4 Nxf4 23. Qxf4 Ng6 24. Qc7 Bd5 25. Be1 O-O 26. Rf2 Rc8 27. Qh2 Qa1 28. Rf1 Qxb2 29. Nf6+ Bxf6 30. Bxd5 Be5 31. Qf2 Bf4 32. Bd2 Qxc2 33. Bxf4 Qxf2+ 34. Rxf2 Nxf4 35. Rxf4 exd5 36. Rf6 b3 37. Rb6 c4 38. dxc4 dxc4 39. Rb8 Rxb8 0-1


[Site "https://www.chess.com"]

[Event "Titled Tuesday Blitz August 17 2021"]
[White "Cremisi, Daniel"]
[Black "Alavi, Sayed Javad"]
[WhiteFideId "2089882"]
[BlackFideId "12500607"]
[WhiteElo "2172"]
[BlackElo "2495"]
[Result "0-1"]
[Round "02"]
[TimeControl "180+1"]
[Date "2021.08.17"]
[WhiteClock "0:00:41"]
[BlackClock "0:00:27"]

1. Nf3 d5 2. d4 Nf6 3. c4 c6 4. cxd5 cxd5 5. Nc3 e6 6. Bf4 Bd6 7. Bxd6 Qxd6 8. e3 O-O 9. Bd3 Bd7 10. O-O Bc6 11. Ne5 Nbd7 12. Nxd7 Nxd7 13. Rc1 f5 14. f4 Rfc8 15. Qb3 Rc7 16. Rc2 Rac8 17. Rfc1 Nf6 18. h3 h6 19. a3 g5 20. g3 gxf4 21. gxf4 Rg7+ 22. Rg2 Rxg2+ 23. Kxg2 Kf7 24. Rg1 Rg8+ 25. Kf2 Qe7 26. Qd1 Ne4+ 27. Bxe4 Qh4+ 28. Ke2 Rxg1 29. Qxg1 dxe4 30. Qg2 Be8 31. Nd1 Kf8 32. Kd2 Bh5 33. Nc3 Kf7 34. Qf1 a6 35. Kc2 Qg3 36. Qc4 Qxe3 37. Qc7+ Kg8 38. Qd8+ Kg7 39. Qc7+ Bf7 40. Qe5+ Kg6 41. d5 exd5 42. Qd6+ Kh5 43. Qf6 Bg6 44. Qe5 d4 45. Nd5 Qd3+ 46. Kc1 e3 47. Nf6+ Kh4 48. Qe7 e2 49. Ng4+ Kg3 0-1


[Site "https://www.chess.com"]

[Event "Titled Tuesday Blitz August 17 2021"]
[White "Cunjalo, Faris"]
[Black "Barp, Alberto"]
[WhiteFideId "14410710"]
[BlackFideId "872555"]
[WhiteElo "2234"]
[BlackElo "2229"]
[Result "1-0"]
[Round "02"]
[TimeControl "180+1"]
[Date "2021.08.17"]
[WhiteClock "0:00:18"]
[BlackClock "0:00:05"]

1. d4 d5 2. c4 c6 3. Nf3 Nf6 4. Nc3 a6 5. Qc2 b5 6. b3 e6 7. e4 Bb4 8. exd5 cxd5 9. Bd2 bxc4 10. bxc4 O-O 11. c5 Nc6 12. Bd3 e5 13. dxe5 Ng4 14. O-O Ncxe5 15. Nxe5 Nxe5 16. Bxh7+ Kh8 17. Bd3 Bxc5 18. Bf4 Nxd3 19. Qxd3 Be6 20. Rad1 d4 21. Ne4 Bf5 22. Qf3 Bxe4 23. Qxe4 Qd7 24. Rd3 f5 25. Rh3+ Kg8 26. Qe2 Qf7 27. Rc1 Rae8 28. Qxa6 Be7 29. Qd3 Qxa2 30. Qxd4 Qe6 31. Re3 Bf6 32. Qd3 Qf7 33. Qxf5 Rxe3 34. Bxe3 g6 35. Qg4 Re8 36. h3 Kg7 37. Rd1 Re7 38. Rd6 Be5 39. Rc6 Rd7 40. Rxg6+ 1-0


[Site "https://www.chess.com"]

[Event "Titled Tuesday Blitz August 17 2021"]
[White "Dahanayake, Isara Banidu"]
[Black "Kim, Yoon-Young"]
[WhiteFideId "9932631"]
[BlackFideId "30908779"]
[WhiteElo "1394"]
[BlackElo "2109"]
[Result "1-0"]
[Round "02"]
[TimeControl "180+1"]
[Date "2021.08.18"]
[WhiteClock "0:00:20"]
[BlackClock "0:00:04"]

1. e4 e5 2. Nf3 Nc6 3. Bb5 a6 4. Ba4 Nf6 5. d3 b5 6. Bb3 Bc5 7. O-O d6 8. a4 Rb8 9. Nc3 Bg4 10. Be3 Nd4 11. Bxd4 Bxd4 12. h3 Bh5 13. g4 Bxc3 14. bxc3 Bg6 15. Qe2 O-O 16. Nh4 Nd7 17. Nxg6 hxg6 18. f4 Nc5 19. axb5 axb5 20. Bd5 Qh4 21. Qg2 Qe7 22. f5 Kh7 23. g5 gxf5 24. exf5 e4 25. g6+ Kh6 26. dxe4 Qg5 27. Qxg5+ Kxg5 28. gxf7 Rb6 29. Rf2 c6 30. Rg2+ Kf6 31. Ba2 g5 32. fxg6 Nxe4 33. g7 1-0


[Site "https://www.chess.com"]

[Event "Titled Tuesday Blitz August 17 2021"]
[White "Deuer, Marius"]
[Black "sganerdene"]
[WhiteFideId "16236432"]
[WhiteElo "2091"]
[BlackElo "2648"]
[Result "0-1"]
[Round "02"]
[TimeControl "180+1"]
[Date "2021.08.18"]
[WhiteClock "0:00:54"]
[BlackClock "0:01:23"]

1. e4 c5 2. Nf3 d6 3. d4 cxd4 4. Nxd4 Nf6 5. Nc3 Nc6 6. Bg5 e6 7. Qd2 a6 8. O-O-O Bd7 9. f4 b5 10. Nxc6 Bxc6 11. Qe3 h6 12. Bxf6 Qxf6 13. Nd5 Qd8 14. f5 Bxd5 15. exd5 e5 16. h4 Be7 17. Qe4 Rc8 18. Bd3 Rc5 0-1


[Site "https://www.chess.com"]

[Event "Titled Tuesday Blitz August 17 2021"]
[White "Dev, Shah"]
[Black "Quparadze, Giga"]
[WhiteFideId "35019058"]
[BlackFideId "13602250"]
[WhiteElo "2098"]
[BlackElo "2658"]
[Result "0-1"]
[Round "02"]
[TimeControl "180+1"]
[Date "2021.08.17"]
[WhiteClock "0:00:02"]
[BlackClock "0:01:39"]

1. d4 Nf6 2. c4 e6 3. Nf3 b6 4. g3 Ba6 5. Nbd2 Bb4 6. b3 Bc3 7. Rb1 Bb7 8. Bg2 Bxd4 9. O-O Bc5 10. b4 Be7 11. c5 O-O 12. Nc4 Nc6 13. b5 Nb8 14. cxb6 axb6 15. a4 Bd5 16. Ne3 Be4 17. Ra1 c5 18. bxc6 Nxc6 19. Bb2 d5 20. Nd4 Nxd4 21. Bxd4 Bxg2 22. Kxg2 Bc5 23. Qd3 Nd7 24. Rfb1 Qe7 25. Bxc5 Nxc5 26. Qb5 Rfb8 27. a5 Nd7 28. axb6 Rxa1 29. Rxa1 Nxb6 30. Ra6 Qb7 31. f3 h6 32. Nc2 Nc4 33. Qxb7 Rxb7 34. Kf2 Kh7 35. Ne3 Nxe3 36. Kxe3 g5 37. g4 Kg6 38. Ra8 Kf6 39. Rh8 Rb3+ 40. Kf2 Kg7 41. Ra8 Rb2 42. Ke3 d4+ 43. Kd3 e5 44. Ra5 f6 45. Ra7+ Kg6 46. Ra8 Rb1 47. Ra2 Rd1+ 48. Ke4 Re1 49. Rb2 Rh1 50. Rb6 Rxh2 0-1


[Site "https://www.chess.com"]

[Event "Titled Tuesday Blitz August 17 2021"]
[White "Diakonova, Ekaterina"]
[Black "Demidov, Mikhail"]
[WhiteFideId "24172936"]
[BlackFideId "4197143"]
[WhiteElo "2102"]
[BlackElo "2559"]
[Result "0-1"]
[Round "02"]
[TimeControl "180+1"]
[Date "2021.08.18"]
[WhiteClock "0:00:07"]
[BlackClock "0:01:34"]

1. Nf3 g6 2. d4 Bg7 3. g3 d6 4. Bg2 Nd7 5. b3 e6 6. Bb2 Ne7 7. O-O a6 8. e4 b6 9. c4 Bb7 10. Nc3 h6 11. Qd3 O-O 12. Nd2 c5 13. d5 exd5 14. cxd5 b5 15. f4 f5 16. Bh3 Rc8 17. Rfe1 c4 18. Qe3 b4 19. Nxc4 bxc3 20. Bxc3 Bxc3 21. Qxc3 Nf6 22. Qb4 Rb8 23. Qxd6 Qxd6 24. Nxd6 fxe4 25. Be6+ Kg7 26. Rad1 Rfd8 27. Nxb7 Rxb7 28. d6 Nf5 29. d7 h5 30. Kf2 Kf8 31. Bxf5 gxf5 32. Rd6 Ke7 33. Rxa6 Rbxd7 34. h3 Rd2+ 35. Re2 Rxe2+ 36. Kxe2 Rd3 37. g4 hxg4 38. hxg4 Nxg4 39. Ra5 Ke6 40. Ra6+ Kf7 41. Ra5 Kg6 42. Ra6+ Kh5 43. Ra5 Ne3 44. b4 Nd5 45. b5 Kg4 46. b6 Nxb6 47. Rb5 Nd5 0-1


[Site "https://www.chess.com"]

[Event "Titled Tuesday Blitz August 17 2021"]
[White "Wagner, Dinara"]
[Black "Moroni, Luca Jr"]
[WhiteFideId "24157570"]
[BlackFideId "865834"]
[WhiteElo "2260"]
[BlackElo "2491"]
[Result "1-0"]
[Round "02"]
[TimeControl "180+1"]
[Date "2021.08.17"]
[WhiteClock "0:00:06"]
[BlackClock "0:00:01"]

1. d4 g6 2. c4 Bg7 3. Nf3 d6 4. Nc3 Nc6 5. g3 Bd7 6. Bg2 Qc8 7. h3 Nf6 8. d5 Na5 9. Qd3 c5 10. Bd2 b6 11. Rc1 a6 12. b3 O-O 13. g4 b5 14. Ne4 bxc4 15. bxc4 Qc7 16. O-O Rab8 17. Nxf6+ Bxf6 18. Qa3 Nb7 19. Rb1 e6 20. dxe6 Bxe6 21. Rfc1 Nd8 22. Ba5 Qc8 23. Bc3 Bxc3 24. Qxc3 Nc6 25. Ng5 Nd4 26. Rb2 Rxb2 27. Qxb2 Qb8 28. Qd2 Qb4 29. Qd3 Qb2 30. Re1 Qc2 31. Qxc2 Nxc2 32. Rd1 Bxc4 33. Rxd6 Bxe2 34. Bd5 Nb4 35. Bb3 c4 36. Ba4 Rc8 37. Rd7 c3 38. Nxf7 Bb5 39. Nh6+ Kh8 40. Nf7+ Kg8 41. Nh6+ Kf8 42. Rf7+ Ke8 43. Bd1 c2 44. Bxc2 Rxc2 45. Rxh7 Rxa2 46. Rh8+ Ke7 47. Rh7+ Kf6 48. Rf7+ Kg5 49. Ng8 Bc6 50. Kh2 Bf3 51. Kg3 Bxg4 52. h4+ Kh5 53. Rh7# 1-0


[Site "https://www.chess.com"]

[Event "Titled Tuesday Blitz August 17 2021"]
[White "Dudzinski, Pawel"]
[Black "Makhnev, Denis"]
[WhiteFideId "1117890"]
[BlackFideId "13707647"]
[WhiteElo "2193"]
[BlackElo "2537"]
[Result "0-1"]
[Round "02"]
[TimeControl "180+1"]
[Date "2021.08.18"]
[WhiteClock "0:00:20"]
[BlackClock "0:00:33"]

1. e4 c6 2. d4 d5 3. exd5 cxd5 4. Bd3 Nc6 5. c3 Nf6 6. h3 g6 7. Nf3 Bg7 8. O-O O-O 9. Re1 Bf5 10. Bf1 a6 11. Na3 b5 12. Nc2 Rc8 13. Bf4 Qb6 14. Ne3 Be4 15. Nd2 Rfd8 16. Nxe4 dxe4 17. Qb3 e6 18. a4 Na5 19. Qa3 Bf8 20. b4 Nc4 21. Nxc4 bxc4 22. a5 Qb5 23. Qa4 Nd5 24. Qxb5 axb5 25. Bd2 f5 26. f3 e3 27. Rxe3 Bh6 28. Re2 Bxd2 29. Rxd2 Nxc3 30. a6 Na4 31. Kf2 Rd6 32. Ke3 Rxa6 33. d5 exd5 34. Rxd5 Re6+ 35. Kf4 Rb6 36. Rad1 Rc7 37. Rd7 Rxd7 38. Rxd7 Rc6 39. Rd2 Kg7 40. Ke5 Nb6 41. f4 Kf7 42. g3 Ke7 43. Bg2 Re6+ 44. Kd4 Rd6+ 45. Kc3 Rxd2 46. Kxd2 Kd6 47. g4 Nd5 48. gxf5 gxf5 0-1


[Site "https://www.chess.com"]

[Event "Titled Tuesday Blitz August 17 2021"]
[White "Durarbayli, Vasif"]
[Black "Kilpatrick, Callum"]
[WhiteFideId "13402935"]
[BlackFideId "414425"]
[WhiteElo "2522"]
[BlackElo "2488"]
[Result "1-0"]
[Round "02"]
[TimeControl "180+1"]
[Date "2021.08.17"]
[WhiteClock "0:00:52"]
[BlackClock "0:00:15"]

1. d4 Nf6 2. c4 e6 3. Nf3 b6 4. g3 Ba6 5. b3 Bb7 6. Bg2 Bb4+ 7. Bd2 a5 8. O-O O-O 9. Qc2 Be4 10. Qb2 d5 11. Bf4 Bd6 12. Bxd6 Qxd6 13. Nc3 c5 14. dxc5 Qxc5 15. cxd5 exd5 16. Rac1 Qe7 17. Nd4 Na6 18. Nxe4 dxe4 19. Rc6 Rab8 20. Nf5 Qd8 21. Rd6 Nc5 22. Rfd1 Ncd7 23. Rxd7 1-0


[Site "https://www.chess.com"]

[Event "Titled Tuesday Blitz August 17 2021"]
[White "Fernandez Hernandez, Arturo A."]
[Black "Karthik Venkataraman"]
[WhiteFideId "3509230"]
[BlackFideId "25006479"]
[WhiteElo "2400"]
[BlackElo "2362"]
[Result "1-0"]
[Round "02"]
[TimeControl "180+1"]
[Date "2021.08.17"]
[WhiteClock "0:01:43"]
[BlackClock "0:01:28"]

1. e4 c5 2. Nc3 g6 3. d4 Bg7 4. dxc5 Bxc3+ 5. bxc3 Nf6 6. e5 Qa5 7. exf6 Qxc3+ 8. Bd2 Qxf6 9. Nf3 O-O 10. Be2 Na6 11. O-O Nxc5 12. Bg5 Qe6 13. Re1 f6 14. Bh6 Re8 15. Qd4 Qc6 16. Bc4+ Ne6 17. Ng5 b6 18. Bd5 Qd6 19. Ne4 Qc7 20. Nxf6+ exf6 21. Qxf6 Bb7 22. Qg7# 1-0


[Site "https://www.chess.com"]

[Event "Titled Tuesday Blitz August 17 2021"]
[White "Firat, Burak"]
[Black "Bonte, Andrei-Mihai"]
[WhiteFideId "6305881"]
[BlackFideId "1210297"]
[WhiteElo "2531"]
[BlackElo "2200"]
[Result "1-0"]
[Round "02"]
[TimeControl "180+1"]
[Date "2021.08.17"]
[WhiteClock "0:00:06"]
[BlackClock "0:00:02"]

1. d4 e6 2. e4 d5 3. e5 c5 4. c3 b6 5. Bb5+ Bd7 6. Bd3 Nc6 7. Nf3 Rc8 8. a3 c4 9. Bc2 Na5 10. Nbd2 Nh6 11. h4 Nf5 12. g4 Ne7 13. h5 h6 14. Rb1 Nec6 15. Nf1 Be7 16. Ng3 Nb3 17. Be3 Nca5 18. Kf1 Bc6 19. Nd2 Kd7 20. f4 Nxd2+ 21. Qxd2 Kc7 22. Kg2 Kb7 23. Rbf1 Ka8 24. f5 Bd7 25. Rf3 f6 26. exf6 Bxf6 27. fxe6 Bxe6 28. Bf5 Qd7 29. Bf4 Nc6 30. Re1 Bxf5 31. Nxf5 Rce8 32. Rfe3 Rxe3 33. Qxe3 Kb7 34. Qe6 Qxe6 35. Rxe6 Rf8 36. Kf3 Nd8 37. Rd6 Nf7 38. Rxf6 gxf6 39. Nxh6 Ng5+ 40. Kg3 Re8 41. Bxg5 fxg5 42. Nf7 Re2 43. h6 Re7 44. Nxg5 1-0


[Site "https://www.chess.com"]

[Event "Titled Tuesday Blitz August 17 2021"]
[White "Florescu, Codrut-Constantin"]
[Black "Fajdetic, Hrvoje"]
[WhiteFideId "1202200"]
[BlackFideId "14501945"]
[WhiteElo "2243"]
[BlackElo "2153"]
[Result "1/2-1/2"]
[Round "02"]
[TimeControl "180+1"]
[Date "2021.08.18"]
[WhiteClock "0:00:56"]
[BlackClock "0:00:07"]

1. d4 e6 2. Bf4 b6 3. e3 Bb7 4. Nf3 f5 5. Nbd2 Nf6 6. h3 Bd6 7. Bxd6 cxd6 8. g4 fxg4 9. hxg4 Nxg4 10. Bd3 Qf6 11. Qe2 h5 12. O-O-O Nc6 13. Ne4 Qe7 14. Ba6 O-O-O 15. Bxb7+ Kxb7 16. Kb1 d5 17. Ng3 g6 18. Nh4 Qg5 19. f4 Qf6 20. Nf3 d6 21. Rdg1 Na5 22. b3 Rc8 23. Nf1 Rc3 24. Rxg4 hxg4 25. Rxh8 Qxh8 26. Ng5 Qh1 27. Kb2 Rc8 28. Nf7 Rc6 29. Nd8+ Kc7 30. Nxc6 Nxc6 31. Qf2 Qf3 32. Qxf3 gxf3 33. c3 e5 34. fxe5 dxe5 35. dxe5 Nxe5 36. Kc2 g5 37. Kd2 g4 38. Ng3 Kd6 39. e4 dxe4 40. Ke3 Nc6 41. Kxe4 a5 42. Kf4 f2 43. Kxg4 Ne5+ 44. Kf4 Nd3+ 45. Ke3 Nc1 46. Kxf2 Nxa2 47. Ke3 Nxc3 48. Kd3 Nb5 49. Kc4 Kc6 50. Ne2 Nd6+ 51. Kc3 b5 52. Kd4 Nf5+ 53. Ke5 Ne7 54. Kd4 Nf5+ 55. Ke5 Ne7 56. Kd4 Nf5+ 1/2-1/2


[Site "https://www.chess.com"]

[Event "Titled Tuesday Blitz August 17 2021"]
[White "Franchini, Gabriele"]
[Black "Grafil, Franz Robert"]
[WhiteFideId "806790"]
[BlackFideId "5205298"]
[WhiteElo "2215"]
[BlackElo "2211"]
[Result "0-1"]
[Round "02"]
[TimeControl "180+1"]
[Date "2021.08.18"]
[WhiteClock "0:00:13"]
[BlackClock "0:00:27"]

1. e4 e6 2. d4 d5 3. Nc3 Bb4 4. Ne2 Nf6 5. e5 Nfd7 6. a3 Be7 7. g3 c5 8. f4 Nc6 9. Be3 a6 10. Bg2 b5 11. dxc5 Bxc5 12. Bxc5 Nxc5 13. Qd2 Qb6 14. O-O-O b4 15. axb4 Nxb4 16. f5 Rb8 17. b3 Nbd3+ 18. Kb1 Nf2 19. Bxd5 exd5 20. Nxd5 Nxb3 21. cxb3 Qxb3+ 22. Ka1 O-O 23. Ne7+ Kh8 24. Nd4 Qa3+ 25. Qa2 Qxe7 26. Qxf2 Qxe5 27. Rhe1 Qc5 28. f6 Qa3+ 29. Qa2 Qc3+ 0-1


[Site "https://www.chess.com"]

[Event "Titled Tuesday Blitz August 17 2021"]
[White "Garriga Cazorla, Pere"]
[Black "Chernov, Mikhail"]
[WhiteFideId "32011601"]
[BlackFideId "24143170"]
[WhiteElo "2430"]
[BlackElo "2244"]
[Result "1-0"]
[Round "02"]
[TimeControl "180+1"]
[Date "2021.08.17"]
[WhiteClock "0:00:22"]
[BlackClock "0:00:48"]

1. d4 d5 2. c4 c6 3. Nf3 Nf6 4. Nc3 e6 5. e3 Nbd7 6. Qc2 Bd6 7. Bd3 O-O 8. O-O dxc4 9. Bxc4 b5 10. Be2 Bb7 11. e4 b4 12. Na4 e5 13. dxe5 Nxe5 14. Nxe5 Bxe5 15. Nc5 Qc7 16. g3 Rad8 17. Be3 Bc8 18. Rfd1 Ng4 19. Bg5 Bf6 20. Bxf6 Nxf6 21. f4 Bg4 22. Kg2 Bxe2 23. Qxe2 Rfe8 24. Rac1 Rxd1 25. Rxd1 Qe7 26. Qc4 a5 27. Rd3 h5 28. e5 Nd5 29. Ne4 Qd7 30. h3 h4 31. Ng5 hxg3 32. Qe4 Nxf4+ 33. Qxf4 Qxd3 34. Qxf7+ 1-0


[Site "https://www.chess.com"]

[Event "Titled Tuesday Blitz August 17 2021"]
[White "Gedajlovic, Max"]
[Black "Nesterov, Arseniy"]
[WhiteFideId "2616840"]
[BlackFideId "24198455"]
[WhiteElo "2137"]
[BlackElo "2477"]
[Result "1-0"]
[Round "02"]
[TimeControl "180+1"]
[Date "2021.08.17"]
[WhiteClock "0:00:49"]
[BlackClock "0:00:02"]

1. d4 d5 2. c4 e6 3. Nc3 Bb4 4. Nf3 dxc4 5. e3 b5 6. Bd2 c6 7. a4 a5 8. axb5 Bxc3 9. Bxc3 cxb5 10. b3 Bb7 11. bxc4 b4 12. Bb2 Nf6 13. Bd3 O-O 14. O-O Nbd7 15. Nd2 e5 16. Bc2 Qc7 17. c5 Rfc8 18. Nc4 Qc6 19. f3 exd4 20. exd4 Nxc5 21. Ne5 Qc7 22. dxc5 Qxc5+ 23. Rf2 Nd5 24. Qd3 g6 25. Bb3 Nc3 26. Nxf7 a4 27. Be6 Re8 28. Nd8+ Kg7 29. Nxb7 Qc7 30. Qd4+ Kh6 31. Bc1+ 1-0


[Site "https://www.chess.com"]

[Event "Titled Tuesday Blitz August 17 2021"]
[White "Gelman, Alexander"]
[Black "Aung Thant Zin"]
[WhiteFideId "4118316"]
[BlackFideId "13000063"]
[WhiteElo "2375"]
[BlackElo "2278"]
[Result "0-1"]
[Round "02"]
[TimeControl "180+1"]
[Date "2021.08.18"]
[WhiteClock "0:00:36"]
[BlackClock "0:00:16"]

1. d4 Nf6 2. Nc3 d5 3. Bf4 c6 4. f3 e6 5. e4 Bb4 6. Qd3 O-O 7. Ne2 Nbd7 8. O-O-O a5 9. Bg5 Be7 10. e5 Ne8 11. h4 b5 12. Kb1 Nb6 13. Nc1 b4 14. N3e2 Ba6 15. Qd2 a4 16. Nf4 Bxf1 17. Rdxf1 Nc4 18. Qe1 Nc7 19. Nfd3 Rb8 20. Nc5 Nb5 21. Ne2 Bxg5 22. hxg5 Qxg5 23. f4 Qg6 24. Nxa4 Nba3+ 25. bxa3 Nxa3+ 26. Kb2 Qxc2+ 27. Ka1 Qxa4 28. Qd2 b3 29. Rb1 Nc2+ 30. Kb2 bxa2+ 31. Kc3 axb1=Q 32. Rxb1 Rxb1 0-1


[Site "https://www.chess.com"]

[Event "Titled Tuesday Blitz August 17 2021"]
[White "Gerzhoy, Leonid"]
[Black "Murzin, Volodar"]
[WhiteFideId "2806126"]
[BlackFideId "44155573"]
[WhiteElo "2510"]
[BlackElo "2541"]
[Result "1-0"]
[Round "02"]
[TimeControl "180+1"]
[Date "2021.08.17"]
[WhiteClock "0:00:15"]
[BlackClock "0:00:03"]

1. d4 d5 2. c4 c6 3. cxd5 cxd5 4. Nc3 e6 5. Nf3 Nc6 6. Bf4 Bd6 7. Bg3 Nge7 8. e3 Nf5 9. Bd3 Nxg3 10. hxg3 Bd7 11. Rc1 a6 12. O-O f5 13. Na4 b6 14. a3 O-O 15. b4 g5 16. b5 Na5 17. bxa6 Nc4 18. Bxc4 dxc4 19. Ne5 Bxe5 20. dxe5 Rxa6 21. Nc3 Bc6 22. Qh5 Rxa3 23. Rfd1 Qe7 24. Rd6 Be8 25. Qh6 Bg6 26. Nb5 Ra5 27. Nd4 Rxe5 28. Rxb6 Qd7 29. Rxc4 Re4 30. Rcb4 Qe7 31. Rb8 e5 32. Rxf8+ Qxf8 33. Qxf8+ Kxf8 34. Ne6+ Ke8 35. Rxe4 fxe4 36. Nxg5 Ke7 37. f3 Kf6 38. Nxe4+ Bxe4 39. fxe4 Kg5 40. Kf1 Kg4 41. Kf2 h6 42. Kf1 Kxg3 43. Kg1 h5 44. Kf1 1-0


[Site "https://www.chess.com"]

[Event "Titled Tuesday Blitz August 17 2021"]
[White "Girinath, P.D.S."]
[Black "Primbetov, Kazbek"]
[WhiteFideId "5000572"]
[BlackFideId "13702297"]
[WhiteElo "2333"]
[BlackElo "2184"]
[Result "0-1"]
[Round "02"]
[TimeControl "180+1"]
[Date "2021.08.18"]
[WhiteClock "0:00:05"]
[BlackClock "0:00:35"]

1. e4 e6 2. d3 d5 3. Nd2 Nc6 4. Ngf3 Nf6 5. c3 e5 6. g3 a5 7. Bg2 dxe4 8. dxe4 Bc5 9. O-O O-O 10. Nb3 Bb6 11. Qxd8 Rxd8 12. Bg5 Be6 13. Bxf6 gxf6 14. Rad1 a4 15. Nc1 Na5 16. Rfe1 Nc4 17. Nd3 Kf8 18. Bf1 Ke7 19. Nh4 a3 20. b3 Nb2 21. Nxb2 axb2 22. Rxd8 Kxd8 23. Rb1 Rxa2 24. Bc4 Ra1 0-1


[Site "https://www.chess.com"]

[Event "Titled Tuesday Blitz August 17 2021"]
[White "Goltsev, Dmitry"]
[Black "Zarubitski, Viachaslau"]
[WhiteFideId "24176710"]
[BlackFideId "13509373"]
[WhiteElo "2369"]
[BlackElo "2315"]
[Result "1-0"]
[Round "02"]
[TimeControl "180+1"]
[Date "2021.08.17"]
[WhiteClock "0:00:42"]
[BlackClock "0:00:08"]

1. e4 e5 2. Nf3 Nf6 3. Nxe5 d6 4. Nc4 Nxe4 5. Nc3 Nxc3 6. bxc3 Be7 7. d4 O-O 8. Bd3 Nd7 9. O-O Nf6 10. h3 b6 11. Qf3 Rb8 12. Re1 Bb7 13. Qg3 Nh5 14. Qg4 Nf6 15. Qh4 Re8 16. Bg5 h6 17. Bxh6 gxh6 18. Qxh6 Bf8 19. Rxe8 Qxe8 20. Qxf6 Bg7 21. Qf5 Qe7 22. Ne3 Re8 23. Qh7+ Kf8 24. Nf5 Qg5 25. Qxg7+ Qxg7 26. Nxg7 Kxg7 27. Kf1 Kf6 28. f3 c5 29. Re1 Rg8 30. Kf2 Bd5 31. c4 Bb7 32. d5 Bc8 33. g4 Bd7 34. Kg3 a6 35. h4 Re8 36. g5+ Kg7 37. Rxe8 Bxe8 38. h5 f5 39. h6+ Kg6 40. Bxf5+ Kf7 41. Bd3 b5 42. g6+ Kf6 43. g7 Bf7 44. cxb5 axb5 45. Bxb5 Kg6 46. Be8 1-0


[Site "https://www.chess.com"]

[Event "Titled Tuesday Blitz August 17 2021"]
[White "Grachev, Boris"]
[Black "Perez Gormaz, Matias"]
[WhiteFideId "4129199"]
[BlackFideId "3406342"]
[WhiteElo "2580"]
[BlackElo "2352"]
[Result "1-0"]
[Round "02"]
[TimeControl "180+1"]
[Date "2021.08.17"]
[WhiteClock "0:00:09"]
[BlackClock "0:00:05"]

1. d4 d5 2. Bf4 Nf6 3. e3 e6 4. Nd2 c5 5. c3 Nc6 6. Ngf3 cxd4 7. exd4 Nh5 8. Bg3 g6 9. Bd3 Bg7 10. O-O O-O 11. Re1 Nxg3 12. hxg3 Bd7 13. Ne5 Nxe5 14. dxe5 b5 15. Nf3 Qb6 16. Qd2 a5 17. Qf4 f6 18. exf6 Bxf6 19. Qd2 Rae8 20. Ne5 Bc8 21. Re2 b4 22. Rae1 bxc3 23. bxc3 Bg7 24. Rf1 Qc7 25. f4 Re7 26. Rfe1 Qc5+ 27. Kh2 Rc7 28. Rc1 Qa3 29. Rc2 Bb7 30. Qe1 Qd6 31. Nf3 Bc8 32. Nd4 Bxd4 33. cxd4 Rff7 34. Qxa5 Kg7 35. a4 Ra7 36. Qc5 Qxc5 37. Rxc5 Bd7 38. a5 Rf8 39. Rb2 Rfa8 40. Rb6 Kf6 41. a6 Bc8 42. Rcc6 Kf7 43. g4 Ke7 44. Kg3 Kd7 45. Rxe6 Kc7 46. Rec6+ Kd8 47. f5 gxf5 48. gxf5 Bd7 49. Rh6 Kc7 50. Kf4 Rf8 51. g4 Re8 52. Bb5 Bxb5 53. Rxb5 Re4+ 54. Kg3 Kc8 55. Rc5+ Kb8 56. Rxd5 Ree7 57. Re5 Rec7 58. Re8+ Rc8 59. Rxc8+ Kxc8 60. Kf4 Kd8 61. Re6 Kd7 62. Ke5 Ra8 63. Rd6+ Kc7 64. Re6 Rg8 65. Kf4 Rd8 66. Re7+ Kb6 67. Rxh7 Rxd4+ 68. Kg5 Kxa6 69. Re7 Kb6 70. f6 Kc6 71. f7 Rd8 72. Re8 Rd7 73. f8=Q 1-0


[Site "https://www.chess.com"]

[Event "Titled Tuesday Blitz August 17 2021"]
[White "Gunduz, Umut Erdem"]
[Black "Kamsky, Gata"]
[WhiteFideId "6381383"]
[BlackFideId "2000024"]
[WhiteElo "2096"]
[BlackElo "2644"]
[Result "0-1"]
[Round "02"]
[TimeControl "180+1"]
[Date "2021.08.17"]
[WhiteClock "0:00:01"]
[BlackClock "0:00:47"]

1. e4 c5 2. Nf3 e6 3. d4 cxd4 4. Nxd4 a6 5. c4 Nf6 6. Nc3 d6 7. Be3 b6 8. f3 Bb7 9. Qd2 Nbd7 10. Be2 Be7 11. O-O O-O 12. a4 Qc7 13. a5 bxa5 14. Nb3 Rab8 15. Nxa5 Ba8 16. Rfd1 Rfd8 17. Kh1 h6 18. b4 d5 19. c5 dxe4 20. Nxe4 Nxe4 21. fxe4 Bxe4 22. Qe1 Ra8 23. Rac1 Nf6 24. Qf2 Nd5 25. Bd2 Rab8 26. Rc4 f5 27. Bf3 Nf6 28. Re1 Rd5 29. Kg1 Rbd8 30. Be3 Rd3 31. Bxe4 Nxe4 32. Qf4 Qc8 33. c6 Bg5 34. Qf3 Bxe3+ 35. Qxe3 Rxe3 0-1


[Site "https://www.chess.com"]

[Event "Titled Tuesday Blitz August 17 2021"]
[White "Gutman, Joshua"]
[Black "Ronka, Erik"]
[WhiteFideId "2025680"]
[BlackFideId "505080"]
[WhiteElo "2206"]
[BlackElo "2264"]
[Result "0-1"]
[Round "02"]
[TimeControl "180+1"]
[Date "2021.08.18"]
[WhiteClock "0:00:30"]
[BlackClock "0:00:20"]

1. d4 d5 2. c4 e6 3. Nf3 a6 4. g3 dxc4 5. Bg2 b5 6. O-O Bb7 7. a4 Nf6 8. axb5 axb5 9. Rxa8 Bxa8 10. b3 cxb3 11. Qxb3 b4 12. Bg5 Nbd7 13. Rc1 Be7 14. Qc4 c5 15. dxc5 Bxc5 16. Rd1 Bd5 17. Qb5 Qb6 18. Qxb6 Bxb6 19. Nd4 O-O 20. Bxd5 Nxd5 21. e4 N5f6 22. Nf3 Nc5 23. Bxf6 gxf6 24. Nfd2 Rd8 25. Rc1 Nd3 26. Rc6 Bxf2+ 27. Kf1 Be3 28. Ke2 Bxd2 29. Nxd2 Ne5 30. Rc7 Rb8 31. Nb3 Kg7 32. Ke3 Kg6 33. Kd4 Nf3+ 34. Kc5 Nxh2 35. Na5 b3 36. Nc6 b2 37. Nxb8 b1=Q 38. Nd7 Qxe4 39. Kd6 Qd5+ 40. Ke7 Ng4 41. Nf8+ Kg7 42. Nd7 Ne5 43. Nf8 Nc6+ 44. Ke8 Qd8# 0-1


[Site "https://www.chess.com"]

[Event "Titled Tuesday Blitz August 17 2021"]
[White "Holt, Conrad"]
[Black "Maiorov, Nikita"]
[WhiteFideId "2034387"]
[BlackFideId "13501720"]
[WhiteElo "2586"]
[BlackElo "2440"]
[Result "1-0"]
[Round "02"]
[TimeControl "180+1"]
[Date "2021.08.17"]
[WhiteClock "0:01:51"]
[BlackClock "0:00:58"]

1. d4 Nf6 2. c4 e6 3. Nc3 Bb4 4. Qc2 Nc6 5. Nf3 d6 6. Bd2 O-O 7. a3 Bxc3 8. Bxc3 a5 9. Rd1 Qe7 10. e4 e5 11. d5 Nb8 12. c5 Bg4 13. cxd6 cxd6 14. Be2 Nbd7 15. Nh4 Bxe2 16. Qxe2 Nc5 17. Nf5 Qd7 18. f3 Kh8 19. O-O Nh5 20. f4 Nf6 21. Nxd6 Qxd6 22. fxe5 1-0


[Site "https://www.chess.com"]

[Event "Titled Tuesday Blitz August 17 2021"]
[White "Ibarra Jerez, Jose Carlos"]
[Black "De Silva, L M S T"]
[WhiteFideId "2226332"]
[BlackFideId "9953698"]
[WhiteElo "2602"]
[BlackElo "1621"]
[Result "1-0"]
[Round "02"]
[TimeControl "180+1"]
[Date "2021.08.17"]
[WhiteClock "0:02:03"]
[BlackClock "0:02:05"]

1. e4 e5 2. Nf3 Nc6 3. d4 exd4 4. Nxd4 Qf6 5. Nb3 Qg6 6. f3 Nf6 7. Bf4 d6 8. Nc3 Bd7 9. Qd2 O-O-O 10. O-O-O Ne5 11. Qe3 Kb8 12. g4 Bc6 13. Bxe5 1-0


[Site "https://www.chess.com"]